Map: Romanticide LE

Players

SKillous - Winner!

  • Race: Protoss Protoss

Stephano

  • Race: Zerg Zerg

Event: DreamHack SC2 Masters 2021 Fall

VOD

Have the link to the VOD?

Description

Time

  • Played on: July 30, 2021, 10:36 a.m.
  • Length: 12:01

All games in this series

Show
View Real Time Build Order
Export as new Build Order

SKillous Protoss - Winner!

Build Orders: 1 Gate Expand, Carriers 

Get SALT Encoding   

  12  0:00  Probe  
  13  0:12  Probe  
  14  0:19  Pylon  
  14  0:24  Probe  
  15  0:38  Probe (Chrono Boost)  
  15  0:39  Gateway  
  16  0:46  Probe (Chrono Boost)  
  16  0:47  Assimilator  
  17  0:52  Probe  
  18  1:04  Probe  
  19  1:16  Probe  
  20  1:24  Nexus  
  20  1:33  Cybernetics Core  
  20  1:37  Probe  
  21  1:44  Assimilator  
  21  1:49  Probe  
  21  1:53  Pylon  
  23  2:01  Probe  
  23  2:08  Adept (Chrono Boost)  
  23  2:13  Probe  
  26  2:17  Stargate  
  26  2:26  Probe (Chrono Boost)  
  26  2:28  Adept (Chrono Boost)  
  27  2:36  Probe (Chrono Boost)  
  30  2:43  Probe (Chrono Boost)  
  31  2:45  Probe (Chrono Boost)  
  31  2:50  Probe x2 (Chrono Boost)  
  33  2:53  Protoss Air Weapons Level 1  
  33  2:57  Void Ray (Chrono Boost)  
  34  3:01  Probe  
  34  3:04  Probe  
  36  3:11  Pylon  
  40  3:14  Probe  
  40  3:16  Probe  
  42  3:23  Gateway  
  42  3:26  Probe  
  43  3:28  Probe  
  43  3:33  Assimilator  
  44  3:35  Assimilator  
  44  3:38  Probe (Chrono Boost)  
  46  3:44  Probe (Chrono Boost)  
  46  3:50  Probe (Chrono Boost)  
  46  3:53  Fleet Beacon  
  48  3:56  Probe x2 (Chrono Boost)  
  49  4:04  Stargate, Probe  
  49  4:05  Probe  
  49  4:08  Pylon  
  51  4:16  Probe  
  52  4:17  Probe  
  52  4:20  Void Ray  
  53  4:30  Nexus, Probe  
  58  4:34  Pylon  
  58  4:39  Flux Vanes  
  58  4:42  Probe x2  
  60  4:51  Void Ray (Chrono Boost)  
  60  4:59  Probe x2  
  66  5:00  Pylon  
  66  5:03  Shield Battery  
  66  5:04  Void Ray (Chrono Boost)  
  66  5:05  Protoss Air Weapons Level 2  
  70  5:18  Probe x2  
  70  5:19  Assimilator  
  70  5:20  Pylon  
  72  5:23  Void Ray (Chrono Boost)  
  72  5:24  Assimilator, Shield Battery  
  72  5:30  Probe  
  72  5:33  Probe (Chrono Boost)  
  83  5:43  Void Ray (Chrono Boost), Probe (Chrono Boost)  
  83  5:48  Probe (Chrono Boost)  
  85  5:52  Probe (Chrono Boost)  
  85  5:53  Probe (Chrono Boost)  
  85  5:54  Void Ray (Chrono Boost)  
  85  5:55  Pylon  
  85  5:56  Probe (Chrono Boost)  
  87  5:57  Probe (Chrono Boost)  
  87  5:58  Stargate  
  87  6:01  Probe  
  93  6:08  Probe  
  93  6:09  Probe  
  95  6:13  Pylon, Probe  
  100  6:20  Probe  
  100  6:21  Void Ray (Chrono Boost), Probe  
  100  6:23  Void Ray (Chrono Boost)  
  102  6:32  Probe x2  
  108  6:33  Probe  
  105  6:44  Probe x2  
  105  6:45  Forge, Probe  
  112  6:56  Probe  
  112  6:59  Pylon  
  117  7:02  Pylon  
  117  7:04  Probe  
  114  7:10  Stargate  
  106  7:19  Pylon  
  106  7:20  Pylon  
  118  7:25  Carrier (Chrono Boost)  
  118  7:26  Pylon  
  118  7:28  Photon Cannon  
  118  7:29  Photon Cannon  
  118  7:30  Photon Cannon  
  118  7:31  Carrier (Chrono Boost)  
  118  7:32  Photon Cannon  
  118  7:33  Carrier (Chrono Boost)  
  124  7:37  Pylon  
  124  7:40  Pylon  
  124  7:46  Protoss Air Weapons Level 3 (Chrono Boost)  
  124  7:54  Probe  
  127  8:06  Nexus  
  127  8:07  Probe x2  
  127  8:08  Pylon  
  128  8:13  Carrier (Chrono Boost), Probe  
  128  8:19  Probe x2  
  137  8:20  Carrier (Chrono Boost)  
  137  8:25  Probe  
  144  8:27  Carrier (Chrono Boost)  
  144  8:28  Assimilator  
  144  8:29  Assimilator, Shield Battery  
  144  8:31  Probe  
  144  8:32  Photon Cannon  
  145  8:34  Photon Cannon  
  145  8:36  Photon Cannon  
  151  8:49  Carrier (Chrono Boost)  
  151  8:56  Pylon  
  151  9:00  Stargate  
  157  9:10  Carrier (Chrono Boost)  
  159  9:36  Carrier (Chrono Boost)  
  159  9:37  Carrier (Chrono Boost)  
  165  9:42  Shield Battery  
  165  9:44  Nexus, Carrier (Chrono Boost)  
  165  9:45  Pylon  
  165  9:47  Photon Cannon x2  
  171  9:59  Pylon  
  177  10:05  Shield Battery, Carrier (Chrono Boost)  
  177  10:06  Photon Cannon  
  177  10:09  Photon Cannon  
  177  10:20  Carrier (Chrono Boost)  
  183  10:32  Carrier (Chrono Boost)  
  175  10:54  Carrier (Chrono Boost)  
  169  11:00  Assimilator  
  169  11:02  Assimilator  
  169  11:10  Carrier (Chrono Boost)  
Show
View Real Time Build Order
Export as new Build Order

Stephano Zerg 

Build Orders: Hatch First 

Get SALT Encoding   

  12  0:00  Drone  
  13  0:12  Overlord  
  13  0:16  Drone  
  14  0:30  Drone x2  
  16  0:47  Hatchery  
  15  0:50  Drone  
  15  0:54  Drone  
  17  0:57  Drone  
  18  1:08  Extractor  
  17  1:12  Spawning Pool  
  17  1:15  Drone  
  17  1:19  Drone  
  18  1:27  Drone  
  19  1:38  Drone  
  20  1:49  Drone  
  21  1:59  Queen x2  
  21  2:00  Zergling x2  
  21  2:01  Drone  
  27  2:10  Drone, Overlord  
  28  2:17  Metabolic Boost  
  28  2:26  Hatchery  
  28  2:28  Drone  
  28  2:32  Zergling x2  
  29  2:38  Queen  
  29  2:41  Drone  
  29  2:43  Drone  
  33  2:47  Overlord  
  33  2:51  Drone  
  33  2:55  Drone  
  33  2:56  Drone  
  36  3:07  Overlord  
  36  3:08  Drone x2  
  36  3:11  Drone x3  
  41  3:17  Drone  
  41  3:18  Overlord  
  42  3:22  Queen  
  44  3:27  Drone x2  
  44  3:30  Overlord  
  44  3:32  Drone  
  47  3:39  Zergling x2  
  47  3:40  Drone x4  
  52  3:48  Zergling x2  
  53  3:51  Spore Crawler, Drone x4  
  53  3:55  Spore Crawler  
  55  3:59  Queen  
  57  4:03  Spore Crawler, Drone  
  57  4:04  Drone  
  57  4:07  Drone x2  
  60  4:11  Drone x3  
  60  4:14  Drone x2  
  65  4:22  Overlord  
  65  4:23  Drone  
  65  4:26  Extractor  
  65  4:27  Extractor  
  65  4:28  Lair, Evolution Chamber  
  62  4:33  Zergling x4, Roach Warren  
  62  4:37  Overlord x2  
  63  4:42  Drone x2  
  63  4:45  Drone  
  66  4:53  Drone x2  
  66  4:54  Overlord  
  66  4:55  Drone  
  66  4:57  Drone x2  
  66  4:58  Zerg Missile Weapons Level 1  
  71  5:02  Drone x2  
  71  5:05  Overlord  
  71  5:06  Drone  
  71  5:07  Drone  
  75  5:08  Extractor  
  75  5:09  Extractor  
  73  5:14  Zergling x8  
  73  5:15  Drone  
  73  5:16  Drone x2  
  80  5:22  Drone x2  
  80  5:24  Drone  
  80  5:25  Drone  
  80  5:26  Overlord  
  84  5:30  Drone  
  84  5:34  Hydralisk Den  
  84  5:35  Extractor  
  82  5:36  Drone x3  
  82  5:39  Queen x2  
  88  5:42  Queen  
  88  5:48  Drone x4  
  88  5:49  Hatchery  
  93  5:51  Overlord  
  93  5:53  Drone  
  93  5:54  Evolution Chamber  
  93  6:00  Spore Crawler  
  92  6:09  Hydralisk x5  
  98  6:15  Queen, Hydralisk  
  98  6:16  Hydralisk x2  
  100  6:27  Hydralisk  
  100  6:28  Hydralisk x5  
  107  6:38  Overlord  
  107  6:39  Hydralisk x4  
  107  6:44  Spore Crawler  
  109  6:50  Drone  
  109  6:51  Drone x2  
  109  6:54  Muscular Augments  
  108  6:55  Overlord  
  108  7:00  Drone x5  
  113  7:04  Zerg Missile Weapons Level 2  
  113  7:05  Zerg Ground Armor Level 1  
  113  7:13  Drone x3  
  113  7:14  Extractor, Drone  
  116  7:15  Queen  
  116  7:20  Drone x6  
  124  7:35  Hatchery, Overlord  
  123  7:39  Infestation Pit, Hydralisk x2  
  123  7:40  Hydralisk  
  123  7:43  Overlord  
  128  7:45  Extractor  
  128  7:46  Overlord  
  117  7:52  Overlord  
  117  7:53  Hydralisk x3  
  117  7:54  Hydralisk x3  
  119  8:00  Hydralisk x3  
  119  8:03  Hydralisk  
  119  8:04  Hydralisk  
  124  8:06  Hydralisk x2  
  124  8:07  Zergling x2  
  124  8:12  Hydralisk x2  
  124  8:13  Hydralisk  
  124  8:18  Hive  
  129  8:27  Hatchery  
  129  8:33  Lurker Den  
  127  8:34  Hydralisk x2  
  127  8:40  Hydralisk  
  127  8:41  Hydralisk  
  131  8:53  Hydralisk  
  131  8:54  Hydralisk x3  
  139  8:59  Unknown, Hydralisk x2  
  139  9:02  Drone x3  
  145  9:06  Hatchery  
  145  9:08  Spore Crawler  
  143  9:10  Spore Crawler  
  143  9:11  Spore Crawler  
  133  9:22  Spore Crawler, Drone x4  
  133  9:23  Drone  
  133  9:24  Spore Crawler  
  138  9:30  Drone x6  
  138  9:31  Drone  
  145  9:32  Zerg Ground Armor Level 2  
  145  9:43  Viper  
  148  9:50  Viper  
  151  9:56  Spore Crawler  
  151  9:57  Spore Crawler, Drone x2  
  151  9:58  Spore Crawler x3, Drone x2  
  151  9:59  Spore Crawler, Drone x2  
  151  10:00  Spore Crawler x2  
  151  10:05  Hydralisk x3  
  151  10:06  Extractor  
  154  10:07  Extractor  
  154  10:13  Seismic Spines, Hydralisk x2  
  157  10:21  Hydralisk x4  
  153  10:34  Hydralisk x6  
  149  10:37  Hydralisk  
  149  10:38  Hydralisk  
  145  10:43  Hydralisk x3  
  145  10:55  Hydralisk  
  145  10:56  Hydralisk x5  
  137  10:59  Hydralisk x2  
  134  11:13  Hydralisk x6  
  134  11:21  Hydralisk x4  
  136  11:27  Drone x3  
  136  11:28  Drone  
  136  11:30  Spore Crawler  
  136  11:32  Spore Crawler, Hydralisk x2  
  137  11:33  Spore Crawler  
  137  11:38  Spore Crawler  

Tags
 
Add a new tag
Caveats
  • Supply blocks, unpowered buildings, or Contaminate may cause inaccurate times.
  • Supply counts are checked every 10 seconds.